 Dungeon Crawl Stone Soup version 0.25.0-10-g039870e (webtiles) character file.

Game seed: 10045693199662219831

49665 Faca the Cleaver (level 14, 0/139 HPs)
             Began as a Deep Dwarf Fighter on June 22, 2020.
             Was the Champion of Makhleb.
             Slain by a catoblepas (15 damage)
             ... on level 6 of the Lair of Beasts.
             The game lasted 00:43:56 (16491 turns).

Faca the Cleaver (Deep Dwarf Fighter)              Turns: 16491, Time: 00:43:56

Health: 0/139      AC: 18    Str: 30    XL:     14   Next: 16%
Magic:  11/11      EV:  8    Int: 10    God:    Makhleb [******]
Gold:   1097       SH: 14    Dex: 12    Spells: 13/13 levels left

rFire    + . .     SeeInvis .   a - +1 war axe
rCold    . . .     Gourm    .   c - +1 kite shield
rNeg     + . .     Faith    .   p - +0 chain mail
rPois    .         Spirit   .   l - +0 helmet
rElec    .         Reflect  .   t - +0 cloak
rCorr    .         Harm     .   L - +0 pair of gloves
MR       ++...                  g - +0 pair of boots
Stlth    ..........             (no amulet)
HPRegen  0.00/turn              K - ring of protection from fire
MPRegen  0.12/turn              H - +6 ring of strength

@: lethally poisoned (0 -> -3), non-regenerating, studying Dodging
A: damage resistance, heal wounds, negative energy resistance 1, sense
surroundings 2, no regeneration
a: Heal Wounds, Minor Destruction, Lesser Servant of Makhleb, Major Destruction,
Greater Servant of Makhleb, Renounce Religion


You were on level 6 of the Lair of Beasts.
You worshipped Makhleb.
Makhleb was exalted by your worship.
You were not hungry.

You visited 3 branches of the dungeon, and saw 19 of its levels.
You also visited: Sewer, Ossuary and Ice Cave.

You collected 1097 gold pieces.

Inventory:

Hand Weapons
 a - a +1 war axe (weapon)
 s - a +4 flail of protection
Missiles
 E - 5 boomerangs (quivered)
 I - 12 javelins
Armour
 c - a +1 kite shield (worn)
 g - a +0 pair of boots (worn)
 l - a +0 helmet (worn)
 p - a +0 chain mail (worn)
 t - a +0 cloak (worn)
 L - a +0 pair of gloves (worn)
Jewellery
 h - an uncursed ring of protection from cold
 r - an uncursed ring of poison resistance
 H - a +6 ring of strength (right hand)
 K - a ring of protection from fire (left hand)
Wands
 b - a wand of clouds (3)
 j - a wand of digging (15)
 k - a wand of polymorph (11)
 m - a wand of random effects (49)
 F - a wand of flame (5)
 M - a wand of paralysis (9)
Scrolls
 i - 4 scrolls of enchant weapon
 u - 9 scrolls of remove curse
 v - a scroll of blinking
 w - 3 scrolls of immolation
 x - 9 scrolls of teleportation
 y - a scroll of fear
 z - 3 scrolls of torment
 B - 3 scrolls of identify
 D - 2 scrolls of fog
 G - 2 scrolls of magic mapping
 N - a scroll of silence
 Q - a scroll of enchant armour
 R - a scroll of summoning
Potions
 d - 2 potions of might
 e - 2 potions of berserk rage
 o - a potion of flight
 q - 7 potions of mutation
 A - 6 potions of lignification
 C - a potion of brilliance
 J - a potion of heal wounds
 O - a potion of haste
Books
 n - a manual of Dodging
Comestibles
 f - 29 rations
 P - 12 chunks of flesh


   Skills:
 + Level 12.9 Fighting
 + Level 14.9 Axes
 + Level 11.4 Armour
 + Level 11.5 Shields
 + Level 7.4 Invocations


You had 13 spell levels left.
You didn't know any spells.
Your spell library contained the following spells:

 Spells                   Type           Power        Failure   Level  Hunger
 Corona                   Hex            #......      91%         1    ##.....
 Foxfire                  Conj/Fire      #...         91%         1    ##.....
 Magic Dart               Conj           #...         91%         1    ##.....
 Blink                    Tloc           N/A          97%         2    ###....
 Call Imp                 Summ           #.......     97%         2    ###....
 Passwall                 Tmut/Erth      #.......     97%         2    ###....
 Searing Ray              Conj           #.....       97%         2    ###....
 Slow                     Hex            #.......     97%         2    ###....
 Swiftness                Chrm/Air       #.......     97%         2    ###....
 Conjure Flame            Conj/Fire      #.......     100%        3    ####...
 Dazzling Flash           Conj/Hex       #.....       100%        3    ####...
 Inner Flame              Hex/Fire       #.......     100%        3    ####...
 Mephitic Cloud           Conj/Pois/Air  #.......     100%        3    ####...
 Portal Projectile        Hex/Tloc       #.....       100%        3    ####...
 Cause Fear               Hex            #.........   100%        4    #####..
 Fulminant Prism          Conj/Hex       #.........   100%        4    #####..
 Iskenderun's Mystic Bla  Conj/Tloc      #.......     100%        4    #####..
 Leda's Liquefaction      Hex/Erth       #.........   100%        4    #####..
 Passage of Golubria      Tloc           N/A          100%        4    #####..
 Sticky Flame             Conj/Fire      #.......     100%        4    #####..
 Fireball                 Conj/Fire      #.........   100%        5    ######.
 Lee's Rapid Deconstruct  Erth           #.........   100%        5    ######.
 Darkness                 Hex            #.........   100%        6    #######
 Invisibility             Hex            #.......     100%        6    #######


Dungeon Overview and Level Annotations

Branches:
Dungeon (12/15)            Temple (1/1) D:6            Lair (6/6) D:11
 Shoals (0/4) Lair:3       Spider (0/4) Lair:3        Slime (0/5) Lair:6
    Orc (0/2) D:12          Sewer (visited)         Ossuary (visited)
  IceCv (visited)

Altars:
Ashenzari
Cheibriados
Dithmenos
Elyvilon
Fedhas
Gozag
Hepliaklqana
Kikubaaqudgha
Makhleb
Nemelex Xobeh
Okawaru
Qazlal
Ru
Sif Muna
Trog
Uskayaw
Vehumet
Wu Jian
Xom
Yredelemnul
Zin
The Shining One
Jiyva

Shops:
D:4 [   D:9 ?}

Annotations:
D:8 3 runed translucent doors, Helmschank's ghost, novice MiFi


Innate Abilities, Weirdness & Mutations

You are resistant to damage.
You can heal yourself by infusing magical energy.
You resist negative energy. (rN+)
You passively map the area around you.
You do not regenerate.


Message History

Your chain mail prevents you from hitting the black mamba.
The black mamba is moderately wounded.
You hit the catoblepas but do no damage.
You feel sick. You block the black mamba's attack.
The black mamba closely misses you. The catoblepas gores you!!
* * * LOW HITPOINT WARNING * * *
Unknown command.
You feel much better.
You feel sick. You block the black mamba's attack. The catoblepas gores you!!
* * * LOW HITPOINT WARNING * * *
The black mamba bites you.
* * * LOW HITPOINT WARNING * * *
Unknown command.
Okay, then.
Unknown command.
Your shield and chain mail prevent you from hitting the catoblepas.
The catoblepas is severely wounded.
You hit the black mamba but do no damage.
You feel sick. You block the black mamba's attack. The catoblepas gores you!!
You die...

....................... ,
,,
........................ ,
........................,,
, ........................
.#.#P.#.................
,,,,
.#.##.#................, ,
, *
.###..##...............,,
....###.....#§SY#* , ,
.....#......§.@.## ,
.....#......§#...P#* ,
#.....##..........## , , ,
, , , #...§÷.#..## * ,, ,
* #...§..#...#, , ,,, * ,
#............. , ,,
,#.P.......[... ,, ,
................, , , , ,
................. , ,


You could see a catoblepas and a black mamba.

Vanquished Creatures
  A frost giant (IceCv)
  2 hydras
  Fannar (D:11)
  Erica (D:8)
  A two-headed ogre (D:10)
  A manticore (Lair:3)
  5 black mambas
  Psyche (D:8)
  2 gargoyles
  7 spiny frogs
  A kobold demonologist (D:12)
  4 komodo dragons
  2 rime drakes
  4 trolls
  3 slime creatures (D:12)
  Prince Ribbit (D:6)
  5 blink frogs (Lair:2)
  A wolf spider simulacrum (D:12)
  21 polar bears
  7 dream sheep
  8 hippogriffs
  A wraith (D:12)
  2 spriggans
  2 wyverns (Lair:3)
  2 centaur simulacra (D:12)
  A vampire (D:11)
  Grum (D:10)
  62 yaks
  3 hungry ghosts
  3 wargs (D:11)
  8 water moccasins
  Edmund (D:6)
  13 ice beasts
  10 porcupines
  3 black bears
  10 orc warriors
  9 ogres
  7 phantoms
  4 sky beasts
  2 necrophages
  35 wolves
  10 centaurs
  15 crocodiles
  7 elf zombies (Ossuary)
  2 big kobolds
  10 bullfrogs
  4 scorpions
  A water moccasin skeleton (D:9)
  8 killer bees
  5 wights (D:8)
  5 electric eels
  A howler monkey (D:10)
  3 crimson imps
  3 bullfrog zombies
  3 centaur zombies (Ossuary)
  A quasit (D:11)
  A wyvern simulacrum (D:12)
  6 hounds
  A centaur skeleton (D:12)
  3 jellies
  2 human zombies (Ossuary)
  12 orc priests
  4 bullfrog skeletons
  13 orc wizards
  Jessica (D:2)
  Terence (D:3)
  6 iguanas
  Natasha (twice) (D:2)
  8 worker ants
  3 hound zombies
  A hound skeleton (D:4)
  A worker ant zombie (D:7)
  Robin (D:2)
  3 mummies (Ossuary)
  18 adders
  4 gnolls (D:2)
  2 howler monkey skeletons
  2 river rats (D:3)
  2 shadow imps
  8 white imps (D:12)
  2 ufetubi (D:12)
  3 oozes
  An adder zombie (D:9)
  2 adder skeletons
  4 worms
  5 dart slugs
  2 leopard geckos
  46 orcs
  8 giant cockroaches
  12 goblins
  4 hobgoblins
  9 jackals
  5 quokkas
  A ball python (D:1)
  9 bats
  11 frilled lizards
  26 kobolds
  A quokka skeleton (D:4)
  A quokka zombie (D:5)
  8 rats
  4 fungi (Lair:5)
  A plant (Lair:2)
606 creatures vanquished.

Vanquished Creatures (collateral kills)
  Rupert (Lair:3)
  A hydra (Lair:4)
  2 yaks
4 creatures vanquished.

Vanquished Creatures (others)
  Maurice (D:11)
  A polar bear (IceCv)
  A wolf (IceCv)
  2 fungi (Lair:6)
  2 plants
7 creatures vanquished.

Grand Total: 617 creatures vanquished

Notes
Turn   | Place    | Note
-------+----------+-------------------------------------------
     0 | D:1      | Faca the Deep Dwarf Fighter began the quest for the Orb.
     0 | D:1      | Reached XP level 1. HP: 20/20 MP: 1/1
   192 | D:1      | Reached XP level 2. HP: 26/28 MP: 2/2
   284 | D:1      | Reached skill level 3 in Axes
   502 | D:1      | Found a shattered altar of Ashenzari.
   570 | D:2      | Reached XP level 3. HP: 31/34 MP: 3/3
   671 | D:2      | Reached XP level 4. HP: 29/44 MP: 4/4
   728 | D:2      | Reached skill level 4 in Axes
   783 | D:2      | Noticed Robin
   793 | D:2      | Noticed Natasha
   804 | D:2      | Killed Natasha
   804 | D:2      | Reached XP level 5. HP: 24/50 MP: 5/5
   814 | D:2      | Killed Robin
  1108 | D:2      | Noticed Jessica
  1113 | D:2      | Killed Jessica
  1273 | D:2      | Noticed Natasha
  1288 | D:2      | Killed Natasha
  1288 | D:2      | Reached skill level 5 in Axes
  1410 | D:3      | Reached XP level 6. HP: 39/58 MP: 5/5
  1461 | D:3      | Found a glowing drain.
  1469 | Sewer    | Entered a sewer
  1555 | Sewer    | Reached skill level 5 in Fighting
  1816 | D:3      | Reached skill level 6 in Axes
  1816 | D:3      | Reached XP level 7. HP: 29/67 MP: 6/6
  1850 | D:3      | Noticed Terence
  1869 | D:3      | Killed Terence
  2247 | D:3      | Found a sparkling altar of Nemelex Xobeh.
  2480 | D:4      | Found Wefex's Antique Armour Shop.
  2793 | D:4      | Reached skill level 7 in Axes
  3249 | D:5      | Entered Level 5 of the Dungeon
  3255 | D:5      | Reached XP level 8. HP: 26/78 MP: 7/7
  3461 | D:5      | Reached skill level 8 in Axes
  4040 | D:6      | Found a bloodstained altar of Trog.
  4042 | D:6      | Found a sparkling altar of Nemelex Xobeh.
  4043 | D:6      | Found an ornate altar of the Wu Jian Council.
  4043 | D:6      | Found a shattered altar of Ashenzari.
  4044 | D:6      | Found an opulent altar of Gozag.
  4044 | D:6      | Found a hazy altar of Hepliaklqana.
  4044 | D:6      | Found a shimmering altar of Xom.
  4130 | D:6      | Found a staircase to the Ecumenical Temple.
  4153 | Temple   | Entered the Ecumenical Temple
  4201 | Temple   | Became a worshipper of Makhleb the Destroyer
  4245 | D:6      | Reached skill level 9 in Axes
  4260 | D:6      | Found a sand-covered staircase.
  4274 | Ossuary  | Entered an ossuary
  4327 | Ossuary  | Gained mutation: You passively map the area around you.
                  | [Deep Dwarf growth]
  4327 | Ossuary  | Reached XP level 9. HP: 47/88 MP: 7/7
  4471 | Ossuary  | Reached * piety under Makhleb
  4568 | D:6      | Noticed Edmund
  4585 | D:6      | Killed Edmund
  4585 | D:6      | Reached skill level 10 in Axes
  4914 | D:7      | Noticed Prince Ribbit
  5055 | D:6      | Killed Prince Ribbit
  5156 | D:6      | Reached ** piety under Makhleb
  5160 | D:6      | Reached skill level 11 in Axes
  5198 | D:6      | Noticed a centaur warrior
  5198 | D:6      | Noticed a centaur warrior
  5295 | D:7      | Reached XP level 10. HP: 69/100 MP: 7/7
  5842 | D:8      | Found a blossoming altar of Fedhas.
  5880 | D:8      | Found a glowing silver altar of Zin.
  6058 | D:8      | Reached *** piety under Makhleb
  6062 | D:8      | Noticed Psyche
  6072 | D:8      | Paralysed by Psyche for 6 turns
  6084 | D:8      | Killed Psyche
  6084 | D:8      | Reached skill level 10 in Fighting
  6185 | D:8      | Reached skill level 5 in Armour
  6210 | D:8      | Reached skill level 5 in Shields
  6259 | D:8      | Noticed Erica
  6301 | D:8      | Killed Erica
  6485 | D:8      | Found a runed translucent gate.
  6485 | D:8      | Found a runed translucent gate.
  6485 | D:8      | Found a runed translucent gate.
  6490 | D:8      | Noticed Helmschank's ghost (novice MiFi)
  6845 | D:9      | Found Ehost's Magic Scroll Shop.
  6963 | D:9      | Reached skill level 12 in Axes
  6974 | D:9      | Found Liqofug's Gadget Emporium.
  7083 | D:9      | Reached XP level 11. HP: 83/110 MP: 7/7
  7262 | D:10     | Entered Level 10 of the Dungeon
  7291 | D:10     | Noticed Sonja
  7292 | D:10     | Noticed Sonja
  7292 | D:10     | Sonja changed into Sonja the queen bee
  7293 | D:10     | Noticed Sonja
  7293 | D:10     | Sonja the queen bee changed into Sonja the spriggan
  7305 | D:10     | Killed Sonja the spriggan
  7309 | D:10     | Noticed Grum
  7330 | D:10     | Killed Grum
  7330 | D:10     | Reached **** piety under Makhleb
  7710 | D:10     | Noticed a two-headed ogre
  7721 | D:10     | Killed a two-headed ogre
  8101 | D:11     | Found a staircase to the Lair.
  8147 | D:11     | Noticed Fannar
  8635 | D:11     | Reached ***** piety under Makhleb
  8644 | D:11     | HP: 3/111 [Fannar/refrigeration (29)]
  8756 | D:11     | Killed Fannar
  8846 | D:11     | Noticed Maurice
  8885 | D:11     | Killed Maurice
  9191 | D:12     | Found a frozen archway.
  9221 | IceCv    | Entered an ice cave
  9244 | IceCv    | Reached skill level 13 in Axes
  9247 | IceCv    | Reached XP level 12. HP: 120/120 MP: 7/7
  9844 | IceCv    | Noticed a frost giant
  9876 | IceCv    | Killed a frost giant
 10257 | D:12     | Reached skill level 1 in Invocations
 10257 | D:12     | Reached ****** piety under Makhleb
 10389 | D:12     | Reached skill level 10 in Shields
 10395 | D:12     | Reached skill level 10 in Armour
 10431 | D:12     | Found a staircase to the Orcish Mines.
 10556 | D:12     | HP: 2/122 [wolf spider simulacrum (21)]
 10565 | D:12     | Reached XP level 13. HP: 83/129 MP: 7/7
 10629 | D:12     | Reached skill level 14 in Axes
 11236 | Lair:1   | Entered Level 1 of the Lair of Beasts
 13298 | Lair:3   | Found a staircase to the Shoals.
 13337 | Lair:3   | Reached skill level 5 in Invocations
 13351 | Lair:3   | Noticed Rupert
 13361 | Lair:3   | Killed Rupert
 13422 | Lair:3   | Found a hole to the Spider Nest.
 15850 | Lair:6   | Entered Level 6 of the Lair of Beasts
 15851 | Lair:6   | Found a viscous altar of Jiyva.
 15852 | Lair:6   | Found a staircase to the Slime Pits.
 16270 | Lair:6   | Gained mutation: You resist negative energy. (rN+) [Deep
                  | Dwarf growth]
 16270 | Lair:6   | Reached XP level 14. HP: 62/139 MP: 11/11
 16491 | Lair:6   | Slain by a catoblepas

Illustrated notes

Levels and vault maps discovered:
D:1:      shiori_arrival_maze, layout_basic, ashenzari_altar_1
D:2:      layout_loops_ring, uniq_natasha, uniq_jessica, uniq_robin
D:3:      layout_loops_ring, lightli_sewer_entry_pipes, first_ration,
          nemelex_dance_club_becter, uniq_terence
D:4:      layout_loops_ring, serial_shops, nicolae_shop_crystal, chequers_avenue
D:5:      layout_loops_ring, kennysheep_small_square
D:6:      minmay_klotski, layout_basic, grunt_temple_overflow_open,
          minmay_temple_entry_drinking_statues,
          lightli_ossuary_entry_decrepit_ruins, uniq_edmund
D:7:      layout_cave_pools, minmay_manual_mess, uniq_prince_ribbit1
D:8:      layout_basic, old_standard_altar, fedhas_altar_4,
          gammafunk_ghost_spectres, uniq_erica, uniq_psyche
D:9:      layout_cave_pools, serial_shops, shop, shop
D:10:     layout_irregular_city, uniq_grum, uniq_sonja
D:11:     layout_small_grid, erik_lair_orcish_takeover, the_bakery,
          minmay_unpleasant_kobolds, uniq_maurice, uniq_fannar
D:12:     layout_roguey, david_orc_4, serial_ice, serial_ice_n, serial_ice_d,
          serial_ice_h, serial_ice_b, serial_ice_o, serial_ice_e, serial_ice_l,
          serial_ice_f, serial_ice_c, serial_ice_g,
          portal_ice_cave_entry_pillars_1, corner_web_ring
Temple:   nicolae_temple_god_jail
Lair:1:   layout_layer_cave, serial_bayou_lake_a
Lair:2:   layout_gridlike, bh_autumn_forest_stairs, columned_hall_lemuel
Lair:3:   layout_cave_pods, minmay_shoals_entry_beasts,
          spider_nest_entry_web_field, grunt_megastairs_4, uniq_rupert
Lair:4:   layout_small_grid
Lair:5:   layout_gridlike, lemuel_fruit_tree
Lair:6:   evil_forest, layout_regular_city, slime_altar_1, serial_bayou_shore_b,
          grunt_megastairs_2, lemuel_fruit_fields

Skill      XL: |  1  2  3  4  5  6  7  8  9 10 11 12 13 14 |
---------------+-------------------------------------------+-----
Fighting       | 3 4 5 6 8 9 10 11 12 | 12.9
Axes           | 3 4 5 6 7 9 11 12 13 14 | 14.9
Armour         | 6 8 10 11 | 11.4
Shields        | 6 8 10 11 | 11.5
Invocations    | 2 6 7 |  7.4

Action                   |  1- 3 |  4- 6 |  7- 9 | 10-12 | 13-15 || total
-------------------------+-------+-------+-------+-------+-------++-------
Melee: War axe           |   111 |   258 |   427 |   994 |   597 ||  2387
       Hand axe          |       |       |    91 |       |       ||    91
       Flail             |       |       |       |       |    21 ||    21
Throw: Boomerang         |       |       |       |       |     1 ||     1
Invok: Lesser Servant of |       |       |       |     1 |     3 ||     4
       Major Destruction |       |       |       |       |     1 ||     1
 Abil: Heal Wounds       |       |     4 |    11 |    21 |     5 ||    41
Evoke: Wand              |       |       |       |    11 |    14 ||    25
       Phantom mirror    |       |       |       |     1 |       ||     1
  Use: Scroll            |     1 |     4 |    12 |     5 |     4 ||    26
       Potion            |       |       |       |     9 |       ||     9
 Stab: Distracted        |       |       |       |       |     2 ||     2
  Eat: Chunk             |       |     4 |     6 |    21 |    16 ||    47
       Ration            |       |       |     2 |     1 |     1 ||     4
Armor: Scale mail        |    57 |   160 |    34 |       |       ||   251
       Skin              |       |     1 |       |       |       ||     1
       Chain mail        |       |       |   186 |   490 |   236 ||   912
Dodge: Dodged            |    32 |    99 |   103 |   248 |   154 ||   636
Block: Kite shield       |    70 |   145 |   207 |   632 |   421 ||  1475
